[Event "Team 45 45 League T67"]
[Site "Internet Chess Club"]
[Date "2015.12.29"]
[Round "4"]
[White "HorseRadish"]
[Black "QuieroAprender"]
[Result "1-0"]
[WhiteElo "1490"]
[BlackElo "1646"]
[Opening "Scotch gambit"]
[ECO "C44"]
[Time "19:00:36"]
[TimeControl "2700+45"]

1. e4 e5 2. Nf3 Nc6 3. d4 exd4 4. Bc4 h6 5. c3 dxc3 6. Qb3 Qe7 7. O-O cxb2 8.
Bxb2 Na5 9. Qb5 Nxc4 10. Qxc4 Qc5 11. Qe2 d6 12. Nc3 Bg4 13. Rfc1 Qh5 14. Nd5
Bxf3 15. Qb5+ Kd8 16. Rxc7 Qg4 17. Ne3 Be2 18. Qxb7 Rc8 19. Rxf7 Nf6 20. Bxf6+
gxf6 21. Nxg4 Bxg4 22. f3 Be6 23. Rxf6 Bd7 24. Rd1 Be7 25. Rfxd6 Bxd6 26. Rxd6
Rc7 27. Qb8+ Rc8 28. Qxa7 Rc1+ 29. Kf2 Rc2+ 30. Ke3 Rc3+ 31. Rd3 Rc7 32. Qb8+
Rc8 33. Qb6+ Ke8 34. Qg6+ Kf8 35. Rxd7 {Black resigns} 1-0

[Event "Team 45 45 League T67"]
[Site "Internet Chess Club"]
[Date "2015.12.26"]
[Round "4"]
[White "searchforbobby1"]
[Black "Roger43"]
[Result "0-1"]
[WhiteElo "1997"]
[BlackElo "2065"]
[Opening "Ponziani: Steinitz variation"]
[ECO "C44"]
[Time "22:09:41"]
[TimeControl "2700+45"]

1. e4 e5 2. Nf3 Nc6 3. c3 d5 4. Qa4 f6 5. Bb5 Ne7 6. exd5 Qxd5 7. O-O Bd7 8. d4
e4 9. Nfd2 Qh5 10. Nxe4 Nd5 11. Ng3 Qf7 12. c4 Nb6 13. Qd1 O-O-O 14. c5 Nd5 15.
Nc3 h5 16. Qb3 Nxd4 17. Bxd7+ Rxd7 18. Qc4 Nxc3 19. Qxc3 h4 20. Be3 hxg3 21.
Bxd4 gxh2+ 22. Kh1 Rh4 23. Be3 c6 24. Qa3 a6 25. b4 Qd5 26. Qb2 Be7 27. a4 f5
28. Qe2 Qd3 29. Qf3 Qe4 30. Qxe4 Rxe4 31. Rab1 f4 32. Bc1 a5 33. f3 Rxb4 34.
Bxf4 Rxf4 {White resigns} 0-1

[Event "Team 45 45 League T67"]
[Site "Internet Chess Club"]
[Date "2015.12.26"]
[Round "4"]
[White "PolishRyszard"]
[Black "Monterrey"]
[Result "0-1"]
[WhiteElo "1902"]
[BlackElo "2042"]
[Opening "French: Alapin variation"]
[ECO "C01"]
[Time "15:00:37"]
[TimeControl "2700+45"]

1. e4 e6 2. d4 d5 3. Be3 dxe4 4. Nd2 Nf6 5. c3 Be7 6. Qc2 Qd5 7. f3 exf3 8.
Ngxf3 Nc6 9. a3 Bd7 10. c4 Qa5 11. Rc1 Ng4 12. Bg1 O-O-O 13. h3 Qh5 14. Be2 Qh6
15. Nf1 Rhe8 16. Qd2 Qxd2+ 17. N1xd2 Nh6 18. Bf2 Bf6 19. g4 g5 20. O-O Be7 21.
b4 f6 22. Nb3 Bd6 23. b5 Nb8 24. c5 Bf4 25. Rc3 Re7 26. a4 Be8 27. Rd1 Bg6 28.
Na5 Nf7 29. Nc4 h5 30. a5 a6 31. Na3 hxg4 32. hxg4 Be4 33. c6 Nd6 34. cxb7+ Bxb7
35. Nc4 Nxc4 36. Bxc4 axb5 37. Bxb5 Rh8 38. Bf1 Reh7 39. Bg2 f5 40. d5 Bxd5 41.
Rxd5 exd5 42. gxf5 Rf7 43. Nd4 Rd8 44. Rc5 c6 45. Nxc6 Nxc6 46. Rxc6+ Kb8 47.
Bb6 Rd6 48. Rxd6 Bxd6 49. Bxd5 Rxf5 50. Bg2 Bc5+ 51. Kh2 Bxb6 52. axb6 Rb5 53.
b7 Rb3 54. Bd5 Rb4 55. Kg3 Kc7 56. Bg2 Kd6 57. Bh1 Ke5 58. Bc6 Kd4 59. Bh1 Ke3
60. Bc6 Kd4 61. Bg2 Ke5 62. Bc6 Kf6 63. Kf3 g4+ 64. Kg3 Kg5 65. Bd5 Rb2 66. Be4
Rb3+ 67. Kg2 Kf4 68. Bd5 Rb2+ 69. Kg1 Kg3 70. Be4 Rb4 71. Kf1 Kh2 72. Kf2 g3+
73. Kf1 Rb6 74. Bf3 Rb1+ {White resigns} 0-1

[Event "Team 45 45 League T67"]
[Site "Internet Chess Club"]
[Date "2015.12.26"]
[Round "4"]
[White "LiangLiang"]
[Black "fishhead"]
[Result "1-0"]
[WhiteElo "1848"]
[BlackElo "1771"]
[Opening "Sicilian: Najdorf, Byrne (English) attack"]
[ECO "B90"]
[Time "18:00:13"]
[TimeControl "2700+45"]

1. e4 c5 2. Nf3 d6 3. d4 cxd4 4. Nxd4 Nf6 5. Nc3 a6 6. Be3 e5 7. Nb3 Be7 8. f3
Be6 9. Qd2 Nbd7 10. g4 b5 11. O-O-O Nb6 12. Bxb6 Qxb6 13. h4 b4 14. Nd5 Nxd5 15.
exd5 Bd7 16. Kb1 a5 17. Re1 a4 18. Nc1 f5 19. gxf5 Bxf5 20. Bd3 O-O 21. f4 a3
22. Bxf5 Rxf5 23. fxe5 dxe5 24. b3 Rf2 25. Qe3 Qxe3 26. Rxe3 Rc8 27. Rxe5 Bf6
28. Re2 Rxe2 29. Nxe2 Re8 30. Nf4 Bxh4 31. Nd3 Bg5 32. Nxb4 Bd2 33. Nc6 Re1+ 34.
Rxe1 Bxe1 35. d6 h5 36. d7 Bh4 37. Kc1 Kf7 38. d8=Q Bxd8 39. Nxd8+ Ke7 40. Nc6+
Kd6 41. Nd4 Kd5 42. Ne2 Ke4 43. Ng3+ {Black resigns} 1-0

[Event "Team 45 45 League T67"]
[Site "Internet Chess Club"]
[Date "2015.12.25"]
[Round "4"]
[White "hood"]
[Black "Pomberito"]
[Result "0-1"]
[WhiteElo "2022"]
[BlackElo "2006"]
[Opening "Ruy Lopez: Marshall, main line, 14...Qh3"]
[ECO "C89"]
[Time "20:09:42"]
[TimeControl "2700+45"]

1. e4 e5 2. Nf3 Nc6 3. Bb5 a6 4. Ba4 Nf6 5. O-O Be7 6. Re1 b5 7. Bb3 O-O 8. c3
d5 9. exd5 Nxd5 10. Nxe5 Nxe5 11. Rxe5 c6 12. d4 Bd6 13. Re1 Qh4 14. g3 Qh3 15.
Qe2 Bg4 16. Qf1 Qh5 17. Nd2 Rae8 18. f3 Bh3 19. Qf2 f5 20. Nf1 Rxe1 21. Qxe1
Qxf3 22. Qf2 Qh5 23. Bf4 Bxf4 24. Qxf4 Qf7 25. Qf3 Re8 26. Bxd5 Qxd5 27. Qxd5+
cxd5 28. Kf2 Bxf1 29. Rxf1 Kf7 30. Kf3 g5 31. h3 Kf6 32. Kf2 f4 33. h4 h6 34.
hxg5+ hxg5 35. gxf4 gxf4 36. Rh1 Kg5 37. Rg1+ Kf5 38. Rh1 Re6 39. Rh5+ Ke4 40.
a3 a5 41. Rh4 b4 42. axb4 axb4 43. Rh5 bxc3 44. bxc3 Re8 45. Kf1 Ra8 46. Re5+
Kf3 47. Ke1 Ra5 48. Kd2 Kg4 49. Ke2 Ra2+ 50. Ke1 Ra5 51. Ke2 Rb5 52. Ke1 Kg3 53.
Rg5+ Kf3 54. Re5 Ra5 55. Rh5 Ke3 56. Re5+ Kd3 57. Rf5 Kxc3 58. Rxf4 Kd3 59. Kf2
Ra2+ 60. Kf1 Ke3 61. Rh4 Ra1+ 62. Kg2 Rd1 63. Rh3+ Kxd4 64. Kf2 Rd3 65. Rh1 Kc3
66. Rc1+ Kd2 67. Ra1 Rc3 68. Rb1 d4 69. Ra1 d3 70. Ra2+ Rc2 71. Ra1 Rb2 72. Kf3
Rb8 73. Ra2+ Kc1 74. Ke3 d2 75. Ra1+ Kb2 76. Rd1 Kc3 77. Ra1 Re8+ 78. Kf2 Kb2
{White resigns} 0-1

[Event "Team 45 45 League T67"]
[Site "Internet Chess Club"]
[Date "2015.12.28"]
[Round "4"]
[White "f5"]
[Black "jon314159"]
[Result "1-0"]
[WhiteElo "2037"]
[BlackElo "1607"]
[Opening "Queen's gambit declined"]
[ECO "D30"]
[Time "20:00:44"]
[TimeControl "2700+45"]

1. d4 d5 2. c4 e6 3. Nf3 c5 4. e3 Nc6 5. Nc3 Nf6 6. a3 b6 7. Be2 Bd6 8. O-O O-O
9. Qc2 cxd4 10. cxd5 exd5 11. exd4 Bg4 12. Rd1 Re8 13. Bg5 Re6 14. h3 Bh5 15.
Kf1 Be7 16. g4 Bg6 17. Qa4 Ne4 18. Bxe7 Nxe7 19. Rac1 a6 20. Ne5 f6 21. Nxe4
dxe4 22. Bc4 Nd5 23. Qb3 Rd6 24. Bxd5+ Rxd5 25. Nc6 {Black resigns} 1-0

[Event "Team 45 45 League T67"]
[Site "Internet Chess Club"]
[Date "2015.12.26"]
[Round "4"]
[White "primerpaso"]
[Black "soccerisfun"]
[Result "0-1"]
[WhiteElo "1891"]
[BlackElo "1832"]
[Opening "English: Anglo-Dutch defense"]
[ECO "A10"]
[Time "12:05:37"]
[TimeControl "2700+45"]

1. c4 f5 2. Nc3 Nf6 3. g3 g6 4. Bg2 Bg7 5. e4 d6 6. Nge2 O-O 7. O-O Nbd7 8. Nf4
Nb6 9. d4 fxe4 10. Nxe4 e5 11. dxe5 dxe5 12. Nxf6+ Qxf6 13. Nd5 Qf7 14. b3 e4
15. Rb1 Bf5 16. Ne3 Rad8 17. Qc2 Qe6 18. Bb2 Bxb2 19. Rxb2 Rd4 20. Re1 Nd7 21.
Qe2 Ne5 22. Nxf5 gxf5 23. Rd2 c5 24. Red1 Rfd8 25. Qe3 Qf6 26. h3 b6 27. Kh1 Nd3
28. Bf1 Nb2 29. Rxd4 cxd4 30. Qd2 Nxd1 31. Qxd1 Qg5 32. b4 f4 33. Kh2 d3 34. Bg2
e3 35. Bd5+ Rxd5 36. cxd5 exf2 37. gxf4 Qg1+ {White resigns} 0-1

[Event "Team 45 45 League T67"]
[Site "Internet Chess Club"]
[Date "2016.01.02"]
[Round "4"]
[White "calsal"]
[Black "Elalfer"]
[Result "0-1"]
[WhiteElo "1751"]
[BlackElo "1595"]
[Opening "Blackmar gambit"]
[ECO "D00"]
[Time "11:04:07"]
[TimeControl "2700+45"]

1. d4 d5 2. e4 dxe4 3. Nc3 Nf6 4. f3 exf3 5. Nxf3 Bg4 6. h3 Bh5 7. g4 Bg6 8. Ne5
c6 9. Bg2 Nbd7 10. Qe2 Qb6 11. Nc4 Qc7 12. Rf1 Nb6 13. Bf4 Qd7 14. Ne5 Qd8 15.
h4 Nfd5 16. Bg3 f6 17. h5 Bf7 18. Qf3 Bg8 19. Ne4 e6 20. O-O-O Be7 21. Nd3 Bf7
22. g5 O-O 23. h6 Bg6 24. hxg7 Kxg7 25. gxf6+ Bxf6 26. Nxf6 Qxf6 27. Be5 Qxe5
28. Nxe5 Rxf3 29. Rxf3 Rf8 30. Rxf8 Kxf8 31. Bh3 Ne3 32. Nxg6+ hxg6 33. Re1 Nf5
34. Rxe6 Kf7 35. Re4 Nd5 36. Kd2 Nf6 37. Rf4 Ke6 38. Kd3 Nd5 39. Re4+ Kd7 40. a3
Kd8 41. c4 Nde7 42. Rg4 Ke8 43. Ke4 Kd8 {White forfeits on time} 0-1

[Event "Team 45 45 League T67"]
[Site "Internet Chess Club"]
[Date "2015.12.27"]
[Round "4"]
[White "portis2"]
[Black "rusano"]
[Result "0-1"]
[WhiteElo "1577"]
[BlackElo "1713"]
[Opening "Réti opening"]
[ECO "A04"]
[Time "13:00:41"]
[TimeControl "2700+45"]

1. Nf3 g6 2. g3 Bg7 3. Bg2 d5 4. O-O Nf6 5. d3 O-O 6. c4 c6 7. Bg5 Be6 8. Qc2
dxc4 9. dxc4 Bf5 10. Qb3 Qb6 11. Nbd2 Nbd7 12. Qa3 e6 13. Be3 Qc7 14. Nd4 Ng4
15. Nxf5 exf5 16. Rab1 Nxe3 17. Qxe3 Rfe8 18. Qd3 Nc5 19. Qa3 Rxe2 20. Qxc5 Rxd2
21. Rfe1 Bf8 22. Qe3 Qa5 23. Re2 Rad8 24. Rxd2 Rxd2 25. a3 Bc5 26. b4 Bxe3 27.
bxa5 Rxf2 28. Kh1 Rc2 29. h3 Rc1+ 30. Rxc1 Bxc1 31. a6 bxa6 32. Bxc6 Bxa3 33.
Kg2 a5 34. Kf3 Kg7 35. Ke3 Bc5+ 36. Kd3 Kf6 37. Kc3 Ke5 38. Bd5 f6 39. Kb3 g5
40. Ka4 Bb4 41. Kb5 h6 42. Bf3 Kd4 43. Bd1 a6+ 44. Ka4 Kxc4 45. Be2+ Kd4 46.
Bxa6 Ke3 47. Bc8 f4 48. gxf4 gxf4 {White resigns} 0-1

[Event "Team 45 45 League T67"]
[Site "Internet Chess Club"]
[Date "2015.12.28"]
[Round "4"]
[White "SirIvanhoe"]
[Black "scostanzo212"]
[Result "1/2-1/2"]
[WhiteElo "1549"]
[BlackElo "1509"]
[Opening "Sicilian: closed"]
[ECO "B24"]
[Time "19:00:15"]
[TimeControl "2700+45"]

1. e4 c5 2. Nc3 Nc6 3. g3 g6 4. Bg2 Bg7 5. d3 e6 6. Be3 Nd4 7. Qd2 Ne7 8. Nd1 d6
9. c3 Ndc6 10. Ne2 O-O 11. Bh6 b5 12. O-O Rb8 13. Bxg7 Kxg7 14. Ne3 b4 15. d4
cxd4 16. cxd4 a5 17. b3 Bb7 18. d5 exd5 19. exd5 Ne5 20. Qd4 Kg8 21. Rac1 Rc8
22. f4 Rxc1 23. Rxc1 Nd7 24. Kf2 Nc5 25. Rc2 f5 26. Nc1 Qd7 27. Nd3 Nxd3+ 28.
Qxd3 Rc8 29. Rxc8+ Qxc8 30. Qc4 Qxc4 31. Nxc4 Bxd5 32. Nxd6 Bxg2 33. Kxg2 {Game
drawn by mutual agreement} 1/2-1/2

[Event "Team 45 45 League T67"]
[Site "Internet Chess Club"]
[Date "2015.12.27"]
[Round "4"]
[White "Berke"]
[Black "stantheman59"]
[Result "1-0"]
[WhiteElo "1626"]
[BlackElo "1256"]
[Opening "Giuoco Piano"]
[ECO "C54"]
[Time "16:03:51"]
[TimeControl "2700+45"]

1. e4 e5 2. Nf3 Nc6 3. Bc4 Bc5 4. c3 Nf6 5. d3 d6 6. Bb3 Bg4 7. h3 Be6 8. Ba4 d5
9. Qe2 d4 10. c4 Qd7 11. Nxe5 Qd6 12. Bxc6+ bxc6 13. Bf4 Bb4+ 14. Nd2 Bxd2+ 15.
Qxd2 Nh5 16. Bh2 Qc5 17. b4 Qb6 18. c5 Qa6 19. f4 f6 20. Nf3 g6 21. O-O Rb8 22.
a3 Ng7 23. Nxd4 Ke7 24. Rab1 Rhd8 25. Qc3 Rd7 26. Rf3 Rbd8 27. Nxe6 Rxd3 28.
Rxd3 Rxd3 29. Nxc7 Rxc3 30. Nxa6 Rxa3 31. Nb8 Ke6 32. Nxc6 a6 33. Rd1 Ne8 34.
Na5 Re3 35. e5 fxe5 36. fxe5 Re4 37. Rb1 Kd5 38. Kf2 Nc7 39. Kf3 Nb5 40. Rd1+
Rd4 41. Rxd4+ Kxd4 42. e6 {Black resigns} 1-0

[Event "Team 45 45 League T67"]
[Site "Internet Chess Club"]
[Date "2016.01.03"]
[Round "4"]
[White "LordKinbote"]
[Black "cayo89"]
[Result "1-0"]
[WhiteElo "1679"]
[BlackElo "1620"]
[Opening "QP counter-gambit (elephant gambit)"]
[ECO "C40"]
[Time "14:06:16"]
[TimeControl "2700+45"]

1. e4 e5 2. Nf3 d5 3. exd5 e4 4. Qe2 f5 5. d3 Nf6 6. Bg5 Qxd5 7. Bxf6 gxf6 8.
Nc3 Bb4 9. Nd2 Bxc3 10. bxc3 Be6 11. dxe4 fxe4 12. Qxe4 Nd7 13. Qxd5 Bxd5 14. c4
Bc6 15. Nb3 Rg8 16. Rg1 b6 17. Nd4 Bb7 18. Nb5 O-O-O 19. O-O-O a6 20. Nd4 Nc5
21. g3 Rge8 22. Bh3+ Kb8 23. Nb3 Ne4 24. Rxd8+ Rxd8 25. f3 Nc3 26. Kb2 Nd1+ 27.
Kc1 Ne3 28. Re1 Nxc4 29. f4 a5 30. Bf1 Nd6 31. Re7 Re8 32. Rxe8+ Nxe8 33. Nd4
Ng7 34. g4 c5 35. Nb5 Ne6 36. f5 Nd4 37. Nxd4 cxd4 38. Kd2 Be4 39. Bd3 Bf3 40.
Be2 Be4 41. h4 Kc7 42. Bd3 Bf3 43. g5 Kd7 44. g6 hxg6 45. fxg6 Ke7 46. Be2 Be4
47. h5 Kf8 48. Bd3 Bd5 49. h6 Be6 50. Ke2 Bxa2 51. Kf3 Bd5+ 52. Be4 Be6 53. Bc6
Bf5 54. g7+ Kg8 55. Bd5+ Kh7 56. g8=Q+ Kxh6 57. Be4 {Black resigns} 1-0

[Event "Team 45 45 League T67"]
[Site "Internet Chess Club"]
[Date "2015.12.30"]
[Round "4"]
[White "parrot9"]
[Black "Hal2001"]
[Result "1/2-1/2"]
[WhiteElo "1669"]
[BlackElo "1651"]
[Opening "Sicilian: dragon, Yugoslav attack, Rauser variation"]
[ECO "B76"]
[Time "09:13:01"]
[TimeControl "2700+45"]

1. e4 g6 2. d4 Bg7 3. Be3 c5 4. Nf3 cxd4 5. Nxd4 Nc6 6. Nc3 d6 7. Qd2 Nf6 8. f3
O-O 9. O-O-O Nxd4 10. Bxd4 Qa5 11. Kb1 Be6 12. Nd5 Qxd2 13. Nxe7+ Kh8 14. Rxd2
Rfe8 15. Nd5 Bxd5 16. Bxf6 Bxa2+ 17. Kxa2 Bxf6 18. Rxd6 Re6 19. Rxe6 fxe6 20.
Bc4 Rd8 21. Kb3 Rd6 22. c3 a6 23. Kc2 Kg7 24. Re1 Be5 25. g3 g5 26. Ra1 Kf6 27.
Rf1 Ke7 28. f4 gxf4 29. gxf4 Bg7 30. Rg1 Bh6 31. Rg4 Kf8 32. Bd3 Rd7 33. Rh4 Kg7
34. f5 exf5 35. exf5 Rd6 36. Rc4 Rd7 37. Rh4 Rf7 38. Rh3 Rf6 39. Rg3+ Kf8 40. c4
Ke7 41. b4 b6 42. Be4 Kd6 43. Ra3 Ke5 44. Bd3 Bf8 45. Rxa6 Bxb4 46. Kb3 Bc5 47.
Ra2 h6 48. Rg2 Be3 49. Rg4 Bc5 50. Rg8 Kf4 51. Rg6 Ke5 52. Kc2 Be3 53. Kd1 Bg5
54. Ke2 Kf4 55. Rxf6 Bxf6 56. Kf2 Kg4 57. Kg2 Kf4 58. Kf2 {Game drawn by mutual
agreement} 1/2-1/2

[Event "Team 45 45 League T67"]
[Site "Internet Chess Club"]
[Date "2015.12.26"]
[Round "4"]
[White "Constrictor"]
[Black "herrahuu"]
[Result "1-0"]
[WhiteElo "1598"]
[BlackElo "1481"]
[Opening "QGD Slav: Wiesbaden variation"]
[ECO "D17"]
[Time "12:00:34"]
[TimeControl "2700+45"]

1. Nf3 c6 2. d4 d5 3. c4 Nf6 4. Nc3 dxc4 5. a4 Bf5 6. Ne5 e6 7. f3 Bb4 8. e4
Nxe4 9. fxe4 Qh4+ 10. Ke2 Bxe4 11. Nxe4 Qxe4+ 12. Be3 b5 13. Qb1 Qh4 14. g3 Qd8
15. Bg2 Qb6 16. Qe4 O-O 17. Nxc6 Nd7 18. Nxb4 {Black resigns} 1-0

[Event "Team 45 45 League T67"]
[Site "Internet Chess Club"]
[Date "2015.12.23"]
[Round "4"]
[White "fireball"]
[Black "Invicta-Knight"]
[Result "0-1"]
[WhiteElo "1616"]
[BlackElo "1606"]
[Opening "Scandinavian (center counter) defense"]
[ECO "B01"]
[Time "14:08:39"]
[TimeControl "2700+45"]

1. e4 d5 2. exd5 Qxd5 3. Nf3 e5 4. Nc3 Qd6 5. Bc4 h6 6. d4 Nc6 7. d5 Nce7 8. O-O
a6 9. a4 Bg4 10. Ne4 Qg6 11. d6 Qxe4 12. dxe7 Nxe7 13. Bd3 Bxf3 14. Bxe4 Bxd1
15. Rxd1 c6 16. Be3 g6 17. c4 f5 18. Bf3 Bg7 19. Rd2 Bf6 20. Rd6 Kf7 21. Rad1 e4
22. Be2 Bxb2 23. Rb1 Be5 24. Rd7 Rab8 25. Ba7 Rbd8 26. Rbxb7 Rxd7 27. Rxd7 Ke6
28. Rb7 Rd8 29. Bc5 Rd7 30. Rb6 Rd2 31. Bf1 a5 32. Ra6 Bc3 33. Bxe7 Kxe7 34.
Rxc6 Bd4 35. h3 Rxf2 36. Rxg6 Rf4+ 37. Kh2 Rxf1 38. Rxh6 Ra1 39. Rh7+ Kd6 40.
Rh5 Kc5 41. Rxf5+ Kxc4 42. h4 Rxa4 43. h5 Ra1 44. h6 e3 45. Rf4 e2 46. h7 Rh1+
47. Kxh1 e1=Q+ 48. Kh2 Qg1+ 49. Kg3 Qh1 50. Rf7 Qe1+ 51. Kh2 Qe5+ 52. g3 Qh5+
{White resigns} 0-1

[Event "Team 45 45 League T67"]
[Site "Internet Chess Club"]
[Date "2015.12.29"]
[Round "4"]
[White "bardu"]
[Black "mongmong"]
[Result "1-0"]
[WhiteElo "1399"]
[BlackElo "1537"]
[Opening "French: Winawer, advance, poisoned pawn variation"]
[ECO "C18"]
[Time "18:02:31"]
[TimeControl "2700+45"]

1. e4 e6 2. d4 d5 3. Nc3 Bb4 4. e5 c5 5. a3 Bxc3+ 6. bxc3 Ne7 7. Qg4 Qa5 8. Bd2
O-O 9. Bd3 Nbc6 10. Nf3 f5 11. exf6 Rxf6 12. Qh5 Nf5 13. c4 Qa4 14. cxd5 exd5
15. dxc5 Ncd4 16. Nxd4 Qxd4 17. O-O Qxc5 18. Bb4 g6 19. Qg5 Qb6 20. Bc3 Rf7 21.
Rab1 Qd6 22. Rfe1 Be6 23. a4 Re8 24. Bb5 Qb8 25. Bxe8 Qxe8 26. Rbd1 Qc6 27. Re5
Qxc3 28. Rxe6 Qxc2 29. Qd8+ Kg7 30. Qxd5 Qxa4 31. Re4 Qa6 32. Qe5+ Qf6 33. Qf4
Qb2 34. Qe5+ Qxe5 35. Rxe5 b6 36. Rde1 Rc7 37. g4 Nh4 38. Re7+ Rxe7 39. Rxe7+
Kf6 40. Rxa7 Kg5 41. Rb7 Kxg4 42. Rxb6 g5 43. Rh6 Nf3+ 44. Kh1 Ne5 45. Kg2 Nf7
46. Rxh7 Ne5 47. Ra7 Kh5 48. Ra4 Nd3 49. f3 Ne1+ 50. Kg3 Nd3 51. Ra3 Nf4 52. h3
Ne2+ 53. Kh2 Kh4 54. Ra4+ Nf4 55. Rc4 Kh5 56. Rc8 Ne2 57. Re8 Nf4 58. Rh8+ Kg6
59. Kg3 Kg7 60. Ra8 Nh5+ 61. Kg4 Kg6 62. Rg8+ Ng7 63. Rxg7+ Kxg7 64. Kxg5 {Black
resigns} 1-0

[Event "Team 45 45 League T67"]
[Site "Internet Chess Club"]
[Date "2015.12.31"]
[Round "4"]
[White "GideonL"]
[Black "BrerRabbit"]
[Result "0-1"]
[WhiteElo "1417"]
[BlackElo "1478"]
[Opening "Réti: Wade defense"]
[ECO "B07"]
[Time "15:06:32"]
[TimeControl "2700+45"]

1. e4 d6 2. Nf3 Bg4 3. h3 Bh5 4. g4 Bg6 5. d3 e5 6. Bg5 Be7 7. Bxe7 Qxe7 8. Nbd2
Nc6 9. Bg2 O-O-O 10. Qe2 Qd7 11. O-O-O f6 12. Nh4 Nge7 13. Nf5 Nxf5 14. gxf5 Bf7
15. Nb3 Kb8 16. Qg4 Rdg8 17. f4 Qe8 18. fxe5 Bh5 19. Qg3 Bxd1 20. Rxd1 dxe5
{White resigns} 0-1

[Event "Team 45 45 League T67"]
[Site "Internet Chess Club"]
[Date "2015.12.27"]
[Round "4"]
[White "PsyMar"]
[Black "dabodhi"]
[Result "1/2-1/2"]
[WhiteElo "1468"]
[BlackElo "1438"]
[Opening "Sicilian: Labourdonnais-Löwenthal variation"]
[ECO "B32"]
[Time "12:03:28"]
[TimeControl "2700+45"]

1. e4 c5 2. Nf3 Nc6 3. d4 cxd4 4. Nxd4 e5 5. Nb3 Nf6 6. Bg5 h6 7. Bxf6 Qxf6 8.
Bc4 Bb4+ 9. c3 Be7 10. O-O d6 11. Na3 a6 12. Nc2 b5 13. Bd5 Bd7 14. Nb4 Rc8 15.
Nxa6 Be6 16. Bxe6 Qxe6 17. f4 O-O 18. fxe5 Qxe5 19. Qd5 Qxd5 20. exd5 Ne5 21.
Nd4 Nd3 22. Rab1 Nc5 23. Nxc5 Rxc5 24. Nc6 Bg5 25. Rbd1 Be3+ 26. Kh1 Bg5 27. Rd3
Rc4 28. b3 {Game drawn by mutual agreement} 1/2-1/2

[Event "Team 45 45 League T67"]
[Site "Internet Chess Club"]
[Date "2015.12.27"]
[Round "4"]
[White "kutch"]
[Black "Elalfer"]
[Result "0-1"]
[WhiteElo "1517"]
[BlackElo "1570"]
[Opening "QGD Slav defense"]
[ECO "D10"]
[Time "16:00:38"]
[TimeControl "2700+45"]

1. d4 d5 2. c4 c6 3. e3 e6 4. Nc3 Bd6 5. Nf3 Nf6 6. Qc2 O-O 7. Bd3 Nbd7 8. O-O
dxc4 9. Bxc4 e5 10. e4 b5 11. Bb3 a6 12. Rd1 exd4 13. Nxd4 Qc7 14. Nf3 Ne5 15.
Nxe5 Bxe5 16. g3 Bg4 17. Nd5 cxd5 18. Qxc7 Bxc7 19. Re1 dxe4 20. Bg5 Be5 21.
Bxf6 Bxf6 22. Rxe4 Bh5 23. Rae1 Bxb2 24. Re7 Bc3 25. R1e4 Bg6 26. Rg4 Rfe8 27.
Rc7 b4 28. Rxg6 hxg6 29. Bxf7+ Kf8 30. Bxe8 Rxe8 31. Ra7 Re6 32. Kg2 Bd4 33. Rd7
Bc3 34. Ra7 Bf6 35. Kf3 Be7 36. Kg4 Bc5 37. Rc7 Bxf2 38. Rc2 Bd4 39. Kg5 a5 40.
Rc8+ Kf7 41. Rc7+ Re7 42. Rc4 Be3+ 43. Kg4 g5 44. Kf3 Bd2 45. Rd4 Be3 46. Rd5 a4
47. Ra5 a3 48. Rf5+ Ke6 49. g4 Bf4 50. h4 Rf7 51. Ke4 Rxf5 52. gxf5+ Kf6 53. h5
{White resigns} 0-1

[Event "Team 45 45 League T67"]
[Site "Internet Chess Club"]
[Date "2015.12.24"]
[Round "4"]
[White "fuzzface"]
[Black "Kingfisher75"]
[Result "0-1"]
[WhiteElo "1326"]
[BlackElo "1580"]
[Opening "QGD: 4.Bg5 Be7"]
[ECO "D53"]
[Time "09:00:32"]
[TimeControl "2700+45"]

1. d4 d5 2. c4 e6 3. Nc3 Nf6 4. Bg5 Be7 5. e3 h6 6. Bxf6 Bxf6 7. Nf3 O-O 8. Be2
a6 9. O-O dxc4 10. Bxc4 b5 11. Bd3 Bb7 12. Be4 Bxe4 13. Nxe4 Be7 14. a3 Nd7 15.
b4 Nb6 16. Nfd2 Nd5 17. Nb3 f5 18. Nec5 Qc8 19. Qc2 Nb6 20. Na5 Nd7 21. Nxe6 Rf6
22. d5 Bd6 23. f4 c5 24. e4 fxe4 25. Qxe4 cxb4 26. Rac1 Nc5 27. Nxc5 Bxc5+ 28.
Kh1 Qf8 29. axb4 Bxb4 30. Nc6 Bd6 31. g3 Qe8 32. Rfe1 Rf8 33. Qe6+ Qxe6 34. Rxe6
Rf6 35. Ra1 Kf7 36. Ne5+ Bxe5 37. Rxe5 Rd6 38. Rf5+ Rf6 39. Re5 Rd6 40. g4 a5
41. Rf5+ Rf6 42. Re5 Rd6 43. g5 hxg5 44. fxg5 g6 45. Rf1+ Kg8 46. h4 a4 47. Rf6
Rxf6 48. gxf6 Kf7 49. d6 Kxf6 50. Rxb5 Ke6 51. Rb6 a3 52. Rb1 Kxd6 53. Ra1 Kc5
54. Kg2 Kb4 55. Kf3 Kb3 56. Kg4 Kb2 57. Rg1 a2 58. Rg2+ Kb3 59. Rg3+ Kc4 60. Kg5
a1=Q 61. Rg4+ Kd5 62. Kh6 Qh8+ 63. Kxg6 Rg8+ 64. Kf5 Rxg4 65. Kxg4 Ke4 66. Kg5
Qg7+ 67. Kh5 Qg3 68. Kh6 Qxh4+ {White resigns} 0-1

[Event "Team 45 45 League T67"]
[Site "Internet Chess Club"]
[Date "2015.12.26"]
[Round "4"]
[White "medsurg"]
[Black "Visin"]
[Result "0-1"]
[WhiteElo "1352"]
[BlackElo "1321"]
[Opening "Queen's gambit accepted"]
[ECO "D20"]
[Time "15:01:43"]
[TimeControl "2700+45"]

1. d4 d5 2. c4 dxc4 3. Qa4+ c6 4. Qxc4 Be6 5. Qc2 Nf6 6. Nc3 g6 7. e3 Bg7 8. g3
Nbd7 9. Bg2 O-O 10. Nge2 Nb6 11. O-O Rc8 12. Qd1 Nh5 13. Ne4 Nd7 14. Ng5 Bc4 15.
b3 Ba6 16. Ba3 Re8 17. Re1 e5 18. Rc1 Qxg5 19. dxe5 Qd8 20. Nf4 Nxf4 21. exf4
Bf8 22. Bb2 Nb6 23. Qg4 Nd5 24. f5 Bd3 25. fxg6 Bxg6 26. e6 f6 27. Be4 Kg7 28.
h4 Ne7 29. h5 Qa5 30. hxg6 hxg6 31. Bxg6 Nxg6 32. Bxf6+ Kxf6 33. Qd4+ Ne5 34.
Rxe5 Qxe5 {White resigns} 0-1

[Event "Team 45 45 League T67"]
[Site "Internet Chess Club"]
[Date "2016.01.03"]
[Round "4"]
[White "stasis009"]
[Black "Aquaman"]
[Result "1/2-1/2"]
[WhiteElo "1223"]
[BlackElo "1327"]
[Opening "Modern defense"]
[ECO "A40"]
[Time "17:03:14"]
[TimeControl "2700+45"]

1. d4 g6 2. c4 Bg7 3. Nc3 c5 4. Nf3 cxd4 5. Nxd4 Nc6 6. e3 Nf6 7. Be2 O-O 8. O-O
d6 9. Rb1 a6 10. a4 Re8 11. b4 Ne5 12. e4 Nc6 13. Be3 Ne5 14. Qb3 Nfg4 15. h3
Nxe3 16. fxe3 Qd7 17. Nf3 Rf8 18. Nd5 Qd8 19. a5 Nd7 20. Nd2 e6 21. Nc3 b6 22.
axb6 Nxb6 23. Na4 Nd7 24. Rfd1 Bh6 25. Nf1 Qc7 26. Qd3 Qa7 27. Rb3 Nf6 28. Bf3
Bb7 29. Qd4 Qxd4 30. Rxd4 Ne8 31. c5 Bg7 32. Rdd3 Bc6 33. Nb6 Rd8 34. Nd2 Bb5
35. Ndc4 Bc6 36. e5 d5 37. Nd6 Bxe5 38. Nxe8 Rfxe8 39. e4 d4 40. Nc4 Bb5 41.
Nxe5 Bxd3 42. Nxd3 e5 43. Ra3 Ra8 44. g4 f6 45. Kg2 Kf7 46. Kg3 g5 47. h4 h6 48.
h5 Rec8 49. Nb2 Ra7 50. Nc4 Rb8 51. Rb3 Ke6 52. Na5 Rc8 53. Be2 Ke7 54. Bc4 Rcc7
55. Bd5 Kd7 56. Nc4 Ke7 57. Na5 Kd7 58. Kf3 Ke7 59. Nc4 Kd7 60. Nb6+ Ke7 61. Nc4
Kd7 62. Nb6+ {Game drawn by mutual agreement} 1/2-1/2

[Event "Team 45 45 League T67"]
[Site "Internet Chess Club"]
[Date "2015.12.29"]
[Round "4"]
[White "RD1974"]
[Black "rubo"]
[Result "0-1"]
[WhiteElo "1684"]
[BlackElo "1652"]
[Opening "Caro-Kann: anti-anti-Caro-Kann defense"]
[ECO "B10"]
[Time "17:04:39"]
[TimeControl "2700+45"]

1. e4 c6 2. c4 d5 3. cxd5 cxd5 4. exd5 Nf6 5. Nc3 Nxd5 6. Bb5+ Bd7 7. Bc4 Bc6 8.
Qf3 e6 9. Qg3 Nb4 10. Kd1 Qd4 11. Be2 Bd6 12. Nf3 Bxg3 13. Nxd4 Bxf2 14. Nxc6
N8xc6 15. Ne4 Bb6 16. a3 Nd5 17. Bb5 Rd8 18. Nc3 Ne3+ 19. Ke2 Nxg2 20. Kf3 Nh4+
21. Ke2 O-O 22. Bxc6 bxc6 23. d3 Nf5 24. Bf4 Rd7 25. Ne4 Rfd8 26. Bg5 Rc8 27. b4
Bd4 28. Rac1 f6 29. Bd2 Bb2 30. Rc4 Bxa3 31. Nc5 Rd4 32. Kf3 Rxc4 33. dxc4 Rd8
34. Bc3 a5 35. Nxe6 Rd3+ 36. Kf4 axb4 37. Ba1 Nd6 38. Rg1 g5+ 39. Kg4 Kf7 40.
Nxg5+ fxg5 41. Kxg5 Nxc4 42. Rf1+ Kg8 43. Rf2 b3 44. Rg2 Rd2 45. Rg4 Ne3 46. Ra4
Bf8 47. Bc3 Rxh2 48. Ra8 h6+ 49. Kg6 Nd5 50. Be5 Rg2+ 51. Kf5 b2 52. Rb8 Ne3+
53. Kf6 Nc4 54. Bd4 Rg5 55. Ke6 Rb5 56. Rxf8+ Kxf8 57. Bxb2 {White resigns} 0-1